 Dungeon Crawl Stone Soup version 0.21-a0-154-gb5400c9 (webtiles) character file.

51 KarmaPolice the Slasher (level 3, 0/29 HPs)
             Began as a Barachi Skald on Aug 2, 2017.
             Succumbed to an adder's poison
             ... on level 2 of the Dungeon.
             The game lasted 00:01:49 (928 turns).

KarmaPolice the Slasher (Barachi Skald)              Turns: 928, Time: 00:01:49

Health: 0/29       AC:  3    Str: 18    XL:     3   Next: 81%
Magic:  6/6        EV: 12    Int: 13    God:
Gold:   45         SH:  0    Dex: 11    Spells: 5/6 levels left

rFire    . . .     SeeInvis .   a - +0 falchion
rCold    . . .     Gourm    .   (no shield)
rNeg     . . .     Faith    .   b - +0 leather armour
rPois    .         Spirit   .   (no helmet)
rElec    .         Reflect  .   j - scarf {repulsion}
rCorr    .         Harm     .   (no gloves)
MR       .....                  (no boots)
Stlth    +.........             (no amulet)
HPRegen  0.09/turn              (no ring)
MPRegen  0.10/turn              (no ring)

@: mighty, lethally poisoned (0 -> -4), hasted, repel missiles, quick
A: +LOS, swims, slowness 1, strong legs 1
a: Hop


You were on level 2 of the Dungeon.
You were hungry.

You visited 1 branch of the dungeon, and saw 2 of its levels.

You collected 45 gold pieces.

Inventory:

Hand Weapons
 a - a +0 falchion (weapon)
Armour
 b - a +0 leather armour (worn)
 j - a scarf of repulsion (worn)
Jewellery
 f - a cursed -2 ring of protection {unknown}
Scrolls
 e - 6 scrolls of identify {unknown}
 k - a scroll of amnesia {unknown}
 l - a scroll of recharging {unknown}
 m - a scroll of magic mapping {unknown}
Potions
 h - a potion of haste
 n - a potion of agility {unknown}
Books
 c - a book of Battle

   Spells                             Type                      Level
   a - Infusion                       Charms                       1
   b - Shroud of Golubria             Charms/Translocation         2
   c - Song of Slaying                Charms                       2
   d - Spectral Weapon                Hexes/Charms                 3
   e - Regeneration                   Charms/Necromancy            3
Comestibles
 d - a bread ration
 i - 2 fruits


   Skills:
 + Level 3.2 Fighting
 + Level 3.6 Long Blades
 + Level 2.6 Armour
 - Level 2.1 Dodging
 - Level 2.1 Spellcasting
 - Level 3.2 Charms


You had 5 spell levels left.
You knew the following spells:

 Your Spells              Type           Power        Failure   Level  Hunger
a - Infusion              Chrm           #...         8%          1    ##.....


Dungeon Overview and Level Annotations

Branches:
Dungeon (2/15)

Altars:


Innate Abilities, Weirdness & Mutations

Shadows flee at your approach. (+LOS)
You can swim through water.
You cover ground slowly.
You can hop short distances.


Message History

You closely miss the adder.
You feel sick. The adder bites you.
You closely miss the adder. The adder barely misses you.
You riposte.
You barely miss the adder. The adder bites you.
You feel sick. The adder bites you.
You are more poisoned.
The adder poisons you! The adder bites you.
You feel sick. The adder bites you. The adder bites you.
* * * LOW HITPOINT WARNING * * *
You feel sick. The adder bites you but does no damage.
You feel sick. The adder bites you but does no damage.
It was a potion of might.
You feel very mighty all of a sudden. The adder bites you.
* * * LOW HITPOINT WARNING * * *
It was a potion of haste.
You feel yourself speed up.
You die...

####### #.#.#.#
############.....#
#<.............#.#
################.#
#........#
#@######## #S#
#####S## #....†.#
#.###..#####
#..#...##
#...S...#
#.......#
#.............


You could see 2 adders.

Vanquished Creatures
  A worm (D:2)
  A dart slug (D:1)
  3 leopard geckos (D:1)
  2 giant cockroaches (D:1)
  2 goblins (D:1)
  2 hobgoblins (D:1)
  6 jackals
  4 kobolds (D:1)
  5 bats (D:1)
  2 frilled lizards (D:1)
  15 rats
43 creatures vanquished.

Notes
Turn   | Place    | Note
-------+----------+-------------------------------------------
     0 | D:1      | KarmaPolice the Barachi Skald began the quest for the Orb.
     0 | D:1      | Reached XP level 1. HP: 17/17 MP: 3/3
    49 | D:1      | Reached XP level 2. HP: 10/23 MP: 5/5
   421 | D:1      | Reached XP level 3. HP: 26/28 MP: 6/6
   927 | D:2      | HP: 1/29 [adder (5)]
   928 | D:2      | Succumbed to an adder's poison

Vault maps used:
D:1:      erik_arrival_orb_chamber
D:2:      lemuel_coloured_pillars_altar, gammafunk_temple_overflow_pools,
          nicolae_qazlal_general_emergency

Skill      XL: |  1  2  3 |
---------------+----------+-----
Long Blades    | 3 |  3.6
Armour         | 2 |  2.6
Fighting       | 3 |  3.2
Dodging        | |  2.1
Spellcasting   | |  2.1
Charms         | |  3.2

Action                   || total
-------------------------++-------
Melee: Falchion          ||   105
  Use: Potion            ||     2
Armor: Leather armour    ||    21
Dodge: Dodged            ||    89
       Deflected         ||     1
       Rpst.: Falchion   ||    29
